 Dungeon Crawl Stone Soup version 0.24-a0-584-g9d6b971ae4 (webtiles) character file.

Game seed: 11188516514332800491, levelgen mode: deterministic

84 Gynju the Poker (level 4, 0/37 HPs)
             Began as a Merfolk Abyssal Knight on Sept 2, 2019.
             Was a Believer of Lugonu.
             Slain by a jelly (2 damage)
             ... on level 2 of the Dungeon.
             The game lasted 00:03:43 (3039 turns).

Gynju the Poker (Merfolk Abyssal Knight)            Turns: 3039, Time: 00:03:44

Health: 0/37       AC: -4    Str: 13    XL:     4   Next: 45%
Magic:  5/5        EV: 13    Int: 11    God:    Lugonu [**....]
Gold:   150        SH:  0    Dex: 13    Spells: 3/3 levels left

rFire    + . .     SeeInvis .   a - +1 spear
rCold    + . .     Gourm    .   (no shield)
rNeg     . . .     Faith    .   b - +0 leather armour
rPois    .         Spirit   .   (no helmet)
rElec    .         Reflect  .   l - scarf {rC+ rF+}
rCorr    .         Harm     .   (no gloves)
MR       .....                  (no boots)
Stlth    +.........             (no amulet)
HPRegen  0.12/turn              (no ring)
MPRegen  0.09/turn              (no ring)

@: corroded
A: change form in water, swift swim, stealthy swim
a: Depart the Abyss, Bend Space, Renounce Religion


You were on level 2 of the Dungeon.
You worshipped Lugonu.
Lugonu was pleased with you.
You were not hungry.

You visited 1 branch of the dungeon, and saw 2 of its levels.
You visited the Abyss 1 time.

You collected 150 gold pieces.

Inventory:

Hand Weapons
 a - a +1 spear (weapon)
Missiles
 j - 50 stones (quivered)
Armour
 b - a +0 leather armour (worn)
 l - a scarf of resistance (worn)
Jewellery
 f - an uncursed amulet of the acrobat {unknown}
Scrolls
 d - 2 scrolls of fear {unknown}
 e - 3 scrolls of remove curse {unknown}
 i - a scroll of teleportation {unknown}
 k - a scroll of identify {unknown}
 m - a scroll of blinking {unknown}
Potions
 g - 3 potions of heal wounds {unknown}
 h - 3 potions of curing {unknown}
 n - a potion of lignification {unknown}
Comestibles
 c - 5 rations


   Skills:
 + Level 3.8 Fighting
 * Level 4.5 Polearms
 + Level 1.2 Armour
 + Level 3.4 Dodging
 + Level 2.6 Invocations


You had 3 spell levels left.
You didn't know any spells.
Your spell library was empty.

Dungeon Overview and Level Annotations

Branches:
Dungeon (2/15)

Altars:
Ashenzari
Gozag
Yredelemnul


Message History

You are too injured to fight recklessly!
You are too injured to fight recklessly!
You are too injured to fight recklessly!
You hit the jelly but do no damage.
Your hands burn!
* * * LOW HITPOINT WARNING * * *
The jelly is lightly wounded.
The jelly barely misses you.
You hit the jelly.
Your hands burn!
* * * LOW HITPOINT WARNING * * *
The jelly is moderately wounded.
The jelly closely misses you.
You hit the jelly but do no damage.
Your hands burn!
* * * LOW HITPOINT WARNING * * *
The jelly is moderately wounded.
The jelly barely misses you.
You hit the jelly but do no damage.
Your hands burn!
* * * LOW HITPOINT WARNING * * *
The jelly is moderately wounded.
The jelly hits you.
You die...

#.# #.##.######.
#.#####.......÷...
#...J.JJ....####[.
#.#######.#.# ###
#.# #.#.# ## #.#
##.#.# ##. #.#
####....####.. #J#
#.........##.. #@#
#.##....####.. #.#
#.##..#.## #..
#.###.##.#.#.# #..
#....#..÷.#### #..
#####.##.#.#.# ###
#.##.##.## ##.
#....._.# #'#
#.###..## #...
#(##..>####JJJ


You could see a jelly.

Vanquished Creatures
  An adder (D:2)
  3 oozes
  2 dart slugs (D:1)
  2 leopard geckos (D:1)
  5 giant cockroaches
  2 goblins (D:1)
  4 hobgoblins
  6 jackals
  16 kobolds
  6 bats (D:1)
  4 frilled lizards
  2 rats
53 creatures vanquished.

Vanquished Creatures (others)
  3 fungi (D:2)
  11 toadstools (D:2)
14 creatures vanquished.

Grand Total: 67 creatures vanquished

Notes
Turn   | Place    | Note
-------+----------+-------------------------------------------
     0 | Abyss:1  | Gynju the Merfolk Abyssal Knight began the quest for the
                  | Orb.
     0 | Abyss:1  | Reached XP level 1. HP: 18/18 MP: 2/2
   128 | Abyss:1  | Noticed a starcursed mass
   128 | Abyss:1  | Noticed a raiju
   129 | D:1      | Escaped the Abyss
   420 | D:1      | Reached * piety under Lugonu
   431 | D:1      | Reached XP level 2. HP: 11/24 MP: 3/3
  1446 | D:1      | Reached XP level 3. HP: 29/29 MP: 4/4
  1561 | D:1      | Reached skill level 1 in Armour
  2047 | D:2      | Reached skill level 4 in Polearms
  2172 | D:2      | Found an opulent altar of Gozag.
  2303 | D:2      | Found a shattered altar of Ashenzari.
  2319 | D:2      | Reached ** piety under Lugonu
  2588 | D:2      | Found a basalt altar of Yredelemnul.
  2686 | D:2      | Reached XP level 4. HP: 36/37 MP: 5/5
  3039 | D:2      | HP: 1/37 [acid (3)]
  3039 | D:2      | Slain by a jelly

Levels and vault maps discovered:
D:1:      dpeg_arrival_signposts, layout_loops_corners, minmay_tall_x
D:2:      cheibrodos_fertilizer, layout_loops_ring, overflow_temple_1_default,
          nicolae_gozag_cash_rules_everything_around_me, lemuel_round_altar,
          chequers_serial_rivers_large_a

Skill      XL: |  1  2  3 |
---------------+----------+-----
Dodging        | 3 |  3.4
Armour         | 1 |  1.2
Polearms       | 4 |  4.5
Fighting       | |  3.8
Invocations    | |  2.6

Action                   |  1- 3 |  4- 6 || total
-------------------------+-------+-------++-------
Melee: Spear             |   162 |    46 ||   208
       Tailslap          |     2 |       ||     2
Invok: Depart the Abyss  |     1 |       ||     1
  Eat: Chunk             |     2 |     1 ||     3
       Ration            |     1 |       ||     1
Armor: Leather armour    |    35 |     6 ||    41
Dodge: Dodged            |    79 |    26 ||   105

Table legend:
 A = Non-vault XP
 B = Vault XP
 C = Vault XP percentage of total XP
 D = Non-vault monster count
 E = Vault monster count
 F = Vault count percentage of total count
                 A         B        C        D         E       F
            +---------+---------+-------+---------+---------+-------
      Total |      82 |      38 |  31.7 |      39 |      14 |  26.4
            +---------+---------+-------+---------+---------+-------
        D:1 |      49 |      16 |  24.6 |      26 |       6 |  18.8
        D:2 |      33 |      22 |  40.0 |      13 |       8 |  38.1
            +---------+---------+-------+---------+---------+-------
